 Dungeon Crawl Stone Soup version 0.20-a0-613-g92415a4 (webtiles) character file.

206 Kurtz the Cudgeler (level 5, -6/54 HPs)
             Began as an Ogre Fighter on Feb 9, 2017.
             Was an Initiate of Makhleb.
             Mangled by an iguana (7 damage)
             ... on level 4 of the Dungeon.
             The game lasted 00:03:34 (2784 turns).

Kurtz the Cudgeler (Ogre Fighter)                   Turns: 2784, Time: 00:03:34

Health: -6/54      AC:  3    Str: 20    XL:     5   Next: 84%
Magic:  5/5        EV:  8    Int:  9    God:    Makhleb [......]
Gold:   222        SH:  8    Dex:  9    Spells: 3/4 levels left

rFire    . . .     SeeInvis .   a - +0 flail
rCold    . . .     Gourm    .   b - +0 robe
rNeg     . . .     Faith    .   c - +0 shield
rPois    .         Spirit   .   (helmet restricted)
rElec    .         Reflect  .   (no cloak)
rCorr    .         Harm     .   (gloves unavailable)
MR       .....                  (boots unavailable)
Stlth    +.........             (no amulet)
Regen    0.2/turn               (no ring)
                                (no ring)

@: no status effects
A: unfitting armour, tough skin 1
a: Renounce Religion


You were on level 4 of the Dungeon.
You worshipped Makhleb.
Makhleb was noncommittal.
You were not hungry.

You visited 1 branch of the dungeon, and saw 4 of its levels.

You collected 222 gold pieces.

Inventory:

Hand Weapons
 a - a +0 flail (weapon)
Missiles
 e - 3 large rocks (quivered)
Armour
 b - a +0 robe (worn)
 c - a +0 shield (worn)
Scrolls
 h - a scroll of blinking {unknown}
 i - a scroll of fear {unknown}
 k - a scroll of amnesia {unknown}
 l - 3 scrolls of recharging {unknown}
 n - 2 scrolls of enchant armour {unknown}
 q - 2 scrolls of identify {unknown}
 s - a scroll of magic mapping {unknown}
Potions
 d - 2 potions of might
 m - a potion of flight {unknown}
 o - a potion of ambrosia {unknown}
 r - 2 potions of curing
 u - a potion of agility {unknown}
 w - a potion of mutation {unknown}
 x - a potion of degeneration {unknown}
Books
 g - a book of Cantrips

   Spells                             Type                      Level
   a - Confusing Touch                Hexes                        1
   b - Animate Skeleton               Necromancy                   1
   c - Summon Small Mammal            Summoning                    1
   d - Apportation                    Translocation                1
Comestibles
 f - 3 bread rations
 j - a royal jelly
 p - 2 fruits
 t - a meat ration
 v - 3 chunks of flesh


   Skills:
 - Level 4.0 Fighting
 * Level 4.3 Maces & Flails
 * Level 2.0 Throwing
 - Level 2.6 Dodging
 + Level 3.1 Shields
 * Level 1.3 Invocations


You had 3 spell levels left.
You knew the following spells:

 Your Spells              Type           Power        Failure   Level  Hunger
a - Confusing Touch       Hex            #.....       96%         1    ##.....


Dungeon Overview and Level Annotations

Branches:
Dungeon (4/15)
 Temple: D:4-7

Altars:
Gozag
Makhleb
The Shining One


Innate Abilities, Weirdness & Mutations

You are too large for most types of armour.
You have tough skin. (AC +1)


Message History

You are too injured to fight recklessly!
You are too injured to fight recklessly!
You are too injured to fight recklessly!
Throwing (i - inventory):
e - 4 large rocks (quivered)
Press: ? - help, Shift-Dir - straight line, f - iguana
Aim: an iguana (severely wounded)
You throw a large rock. The large rock hits the iguana.
The iguana is almost dead.
The iguana bites you!
* * * LOW HITPOINT WARNING * * *
The iguana bites you.
* * * LOW HITPOINT WARNING * * *
Unknown command.
You feel better. You block the iguana's attack.
You hit the iguana but do no damage.
The iguana is almost dead.
The iguana bites you!
* * * LOW HITPOINT WARNING * * *
The iguana bites you!
You die...

.#.#....## #.....(.#
##......# #.......#
##......# #.......#
.......## #.......#
##........ #..<....#
##.....###
####.......#
.......# ..#.......#
..#....# #l#########
#.#....# #@###
#.#....# #...#
#......###########.#
######.............#
###############


You could see an iguana.

Vanquished Creatures
  A scorpion (D:3)
  A bullfrog skeleton (D:4)
  A worker ant (D:3)
  5 adders
  An ooze (D:3)
  3 worms
  A dart slug (D:2)
  2 leopard geckos
  2 orcs
  2 giant cockroaches
  6 goblins
  5 hobgoblins
  A quokka (D:3)
  A ball python (D:1)
  4 bats
  5 frilled lizards
  A kobold (D:1)
  6 rats
48 creatures vanquished.

Notes
Turn   | Place    | Note
-------+----------+-------------------------------------------
     0 | D:1      | Kurtz the Ogre Fighter began the quest for the Orb.
     0 | D:1      | Reached XP level 1. HP: 24/24 MP: 1/1
   180 | D:1      | Reached XP level 2. HP: 24/32 MP: 2/2
   316 | D:1      | Reached skill level 1 in Throwing
   824 | D:2      | Learned a level 1 spell: Confusing Touch
   960 | D:2      | Reached XP level 3. HP: 37/39 MP: 3/3
  1478 | D:3      | Found a burning altar of Makhleb.
  1486 | D:3      | Became a worshipper of Makhleb the Destroyer
  1510 | D:3      | Reached XP level 4. HP: 38/48 MP: 4/4
  1948 | D:3      | Reached XP level 5. HP: 22/54 MP: 5/5
  2279 | D:3      | Found an opulent altar of Gozag.
  2310 | D:3      | Reached skill level 1 in Invocations
  2505 | D:4      | Found a glowing golden altar of the Shining One.
  2784 | D:4      | HP: 1/54 [iguana (12)]
  2784 | D:4      | Mangled by an iguana

Vault maps used:
D:1:      dpeg_arrival_tiny_g
D:2:      first_bread
D:3:      old_standard_altar, lemuel_statue_altar
D:4:      nicolae_overflow_hidden_temple

Skill      XL: |  1  2  3  4  5 |
---------------+----------------+-----
Maces & Flails | 2 3 4 |  4.3
Throwing       | 1 2 |  2.0
Shields        | 3 |  3.1
Invocations    | 1 |  1.3
Fighting       | |  4.0
Dodging        | |  2.6

Action                   |  1- 3 |  4- 6 || total
-------------------------+-------+-------++-------
Melee: Flail             |   124 |    77 ||   201
Throw: Large rock        |     5 |    10 ||    15
  Use: Potion            |     3 |     1 ||     4
  Eat: Chunk             |     2 |     4 ||     6
Armor: Robe              |    30 |    13 ||    43
Dodge: Dodged            |    41 |    26 ||    67
Block: Shield            |    44 |    34 ||    78
